[Event "1st Gujarat GM Open 2018"]
[Site "Ahmedabad"]
[Date "2018.10.07"]
[Round "4"]
[White "Sahil, Tickoo"]
[Black "Fominyh, Alexander"]
[Result "1/2-1/2"]
[ECO "A45"]
[WhiteElo "2217"]
[BlackElo "2405"]
[Annotator "ChessBase"]
[PlyCount "140"]
[EventDate "2018.10.05"]
[EventType "swiss"]
[EventCountry "IND"]
[SourceTitle "playchess.com"]
[Source "ChessBase"]
[SourceQuality "1"]
[TimeControl "5400+30"]

1. d4 Nf6 2. Bf4 g6 3. Nc3 d5 4. e3 Bg7 5. h4 c5 6. Nb5 Na6 7. c3 Bg4 8. Nf3 O-O 9. Be2 Qb6 10. a4 c4 11. b3 cxb3 12. Qxb3 Rfc8 13. O-O Qd8 14. Na3 Nc7 15. c4 b6 16. Rfc1 e6 17. a5 dxc4 18. Nxc4 Ncd5 19. axb6 Nxf4 20. exf4 axb6 21. Rxa8 Rxa8 22. Qxb6 Nd5 23. Qxd8+ Rxd8 24. g3 Rc8 25. Kg2 Bxf3+ 26. Kxf3 Bxd4 27. Rd1 Ba7 28. Ne3 Nf6 29. Rd3 h5 30. Kg2 Kg7 31. Bf3 Rc7 32. Rb3 Rc1 33. Rd3 Ng8 34. Ra3 Bc5 35. Ra2 Nh6 36. Re2 Ra1 37. Be4 Ng8 38. Bf3 Nf6 39. Nc4 Rc1 40. Ne5 Rc3 41. Rb2 Bd6 42. Rb7 Bxe5 43. fxe5 Ng8 44. Rb2 Nh6 45. Be4 Rc5 46. f4 Rc3 47. Re2 Ng4 48. Bf3 Ne3+ 49. Kf2 Nf5 50. Kg2 Kf8 51. Ra2 Kg7 52. Rd2 Rb3 53. Rf2 Ne3+ 54. Kh2 f6 55. exf6+ Kxf6 56. Ra2 Rc3 57. Kg1 Nf5 58. Kf2 Rb3 59. Rd2 Ke7 60. Ra2 Kd6 61. Ra6+ Ke7 62. Ra2 Rc3 63. Ra7+ Kf6 64. Ra2 Rb3 65. Rd2 e5 66. fxe5+ Kxe5 67. Rd5+ Kf6 68. Rd2 Rc3 69. Ra2 Ke5 70. Re2+ Kf6 1/2-1/2

[Event "1st Gujarat GM Open 2018"]
[Site "Ahmedabad"]
[Date "2018.10.07"]
[Round "4"]
[White "Deshpande, Aniruddha"]
[Black "Deota Snehil S"]
[Result "1-0"]
[ECO "E04"]
[WhiteElo "2213"]
[BlackElo "1929"]
[Annotator "NA"]
[PlyCount "57"]
[EventDate "2018.10.05"]
[EventType "swiss"]
[EventCountry "IND"]
[SourceTitle "playchess.com"]
[Source "ChessBase"]
[SourceQuality "1"]
[TimeControl "5400+30"]

1. d4 d5 2. c4 e6 3. Nf3 Nf6 4. g3 dxc4 5. Bg2 Nc6 6. O-O Rb8 7. Nc3 b5 8. e4 b4 9. Ne2 Be7 10. Qc2 Ba6 11. Rd1 O-O 12. Ng5 b3 13. Qb1 h6 14. axb3 Nb4 15. Nf3 cxb3 16. Nc3 c5 17. Bf4 Rb7 18. dxc5 Bd3 19. c6 Rb6 20. c7 Qd7 21. Ne5 Bxb1 22. Nxd7 Bc2 23. Nxf8 Rc6 24. Rd8 Rxc7 25. Bxc7 Bxd8 26. Bxd8 Kxf8 27. Bxf6 gxf6 28. Rxa7 Nd3 29. Na4 1-0

[Event "1st Gujarat GM Open 2018"]
[Site "Ahmedabad"]
[Date "2018.10.07"]
[Round "4"]
[White "Parnali, S Dharia"]
[Black "Polakhare Aryan"]
[Result "0-1"]
[ECO "A45"]
[WhiteElo "2211"]
[BlackElo "1920"]
[Annotator "NA"]
[PlyCount "40"]
[EventDate "2018.10.05"]
[EventType "swiss"]
[EventCountry "IND"]
[SourceTitle "playchess.com"]
[Source "ChessBase"]
[SourceQuality "1"]
[TimeControl "5400+30"]

1. d4 Nf6 2. g3 e6 3. c4 Bb4+ 4. Bd2 Bxd2+ 5. Nxd2 d6 6. Bg2 e5 7. Ngf3 Qe7 8. Qb3 O-O 9. O-O c6 10. dxe5 dxe5 11. Rad1 Nbd7 12. Qc3 Re8 13. Ng5 Nc5 14. b4 Ne6 15. Nxe6 Bxe6 16. a3 Bg4 17. Bf3 e4 18. Bxg4 Nxg4 19. f3 exf3 20. Rxf3 Qxe2 0-1

[Event "1st Gujarat GM Open 2018"]
[Site "Ahmedabad"]
[Date "2018.10.07"]
[Round "4"]
[White "Kulkarni, Vinayak"]
[Black "Trisha Kanyamarala"]
[Result "1-0"]
[ECO "D36"]
[WhiteElo "2203"]
[BlackElo "1856"]
[Annotator "NA"]
[PlyCount "155"]
[EventDate "2018.10.05"]
[EventType "swiss"]
[EventCountry "IND"]
[SourceTitle "playchess.com"]
[Source "ChessBase"]
[SourceQuality "1"]
[TimeControl "5400+30"]

1. d4 d5 2. c4 e6 3. Nc3 Nf6 4. cxd5 exd5 5. Bg5 c6 6. Qc2 Nbd7 7. e3 Be7 8. Bd3 h6 9. Bh4 Nh5 10. Bxe7 Qxe7 11. O-O-O Nb6 12. h3 Be6 13. Nf3 Nf6 14. Kb1 O-O-O 15. Nd2 Kb8 16. Nb3 Nfd7 17. Rhe1 Rc8 18. f4 c5 19. f5 c4 20. fxe6 cxd3 21. Qxd3 fxe6 22. e4 Qg5 23. g4 a6 24. Nd2 Rhf8 25. Nf3 Qf6 26. Ne5 Qd8 27. exd5 exd5 28. Qg6 Nxe5 29. dxe5 d4 30. e6 Qe7 31. Rxd4 Nc4 32. Qc2 Qb4 33. Ka1 Ka8 34. Qe2 Qc5 35. Rd5 Qb4 36. e7 Rfe8 37. Rd4 Qc5 38. Re4 Na3 39. Qd2 Nc4 40. Qc2 Rc7 41. Qa4 Rcc8 42. Qc2 Rc7 43. Qd3 Qf2 44. R4e2 Qc5 45. Nd5 Rd7 46. Qxc4 Qxd5 47. Qxd5 Rxd5 48. a3 Rd7 49. Ka2 Kb8 50. Kb3 Kc7 51. Kc4 Kb8 52. Re6 Rc8+ 53. Kb4 Re8 54. Kc5 Ka7 55. a4 Rc8+ 56. Kb4 Re8 57. a5 Rd4+ 58. Kc3 Rd7 59. b4 Rc8+ 60. Kb3 Rd3+ 61. Ka4 Re8 62. Rf1 Rd7 63. Rf7 g5 64. Kb3 Rc8 65. Rf3 Re8 66. Rfe3 Kb8 67. Rxh6 Rdxe7 68. Rxe7 Rxe7 69. Rh5 Re5 70. Kc3 Kc7 71. h4 Re3+ 72. Kd4 Rb3 73. Kc4 Rh3 74. hxg5 Rg3 75. Rh4 Kd6 76. g6 Ke6 77. Kc5 Kf6 78. Kb6 1-0

[Event "1st Gujarat GM Open 2018"]
[Site "Ahmedabad"]
[Date "2018.10.07"]
[Round "4"]
[White "Dahale, Atul"]
[Black "Sudarshan Bhat"]
[Result "1/2-1/2"]
[ECO "D32"]
[WhiteElo "2171"]
[BlackElo "1840"]
[Annotator "NA"]
[PlyCount "65"]
[EventDate "2018.10.05"]
[EventType "swiss"]
[EventCountry "IND"]
[SourceTitle "playchess.com"]
[Source "ChessBase"]
[SourceQuality "1"]
[TimeControl "5400+30"]

1. d4 d5 2. c4 e6 3. Nc3 c5 4. cxd5 cxd4 5. Qxd4 Nc6 6. Qd1 exd5 7. e3 Nf6 8. Nf3 Bd6 9. Be2 O-O 10. O-O a6 11. b3 Re8 12. Bb2 Bc7 13. Qd2 Qd6 14. Rfd1 Be6 15. g3 Rad8 16. Rac1 Bb6 17. Qe1 Ba7 18. Rd2 Qb4 19. Na4 Ne4 20. Rdc2 Bh3 21. Bd4 Qxe1+ 22. Rxe1 Nxd4 23. Nxd4 Bxd4 24. exd4 Ng5 25. Rcc1 Re4 26. Nc5 Rxd4 27. f4 Ne4 28. Nxb7 Rb8 29. Bxa6 Rd2 30. Bf1 Bxf1 31. Rxf1 Rxa2 32. Nc5 Nxc5 33. Rcd1 1/2-1/2

[Event "1st Gujarat GM Open 2018"]
[Site "Ahmedabad"]
[Date "2018.10.07"]
[Round "4"]
[White "Ramnathan, Balasubramaniam"]
[Black "Sidhant, Mohapatra"]
[Result "0-1"]
[ECO "A06"]
[WhiteElo "2142"]
[BlackElo "2341"]
[Annotator "NA"]
[PlyCount "68"]
[EventDate "2018.10.05"]
[EventType "swiss"]
[EventCountry "IND"]
[SourceTitle "playchess.com"]
[Source "ChessBase"]
[SourceQuality "1"]
[TimeControl "5400+30"]

1. Nf3 d5 2. b3 Bf5 3. Bb2 e6 4. e3 Nf6 5. Be2 h6 6. O-O Nbd7 7. d4 Bd6 8. c4 c6 9. Nc3 O-O 10. Rc1 Re8 11. Bd3 Bxd3 12. Qxd3 e5 13. dxe5 Nxe5 14. Nxe5 Bxe5 15. g3 dxc4 16. Qxc4 Qd7 17. Rfd1 Qh3 18. Qf1 Qh5 19. Rd2 Rac8 20. Rd3 Rcd8 21. Rxd8 Rxd8 22. Rd1 Re8 23. Rd3 Bxc3 24. Bxc3 Ne4 25. Bb2 Qf5 26. f4 Nc5 27. Rd1 Rxe3 28. Rd8+ Kh7 29. Bd4 Rd3 30. Rd6 Rd2 31. b4 Qh5 32. h3 Ne4 33. g4 Qh4 34. Rd7 Qg3+ 0-1

[Event "1st Gujarat GM Open 2018"]
[Site "Ahmedabad"]
[Date "2018.10.07"]
[Round "4"]
[White "Singh, D.P."]
[Black "Tukhaev, Adam"]
[Result "1/2-1/2"]
[ECO "B06"]
[WhiteElo "2132"]
[BlackElo "2556"]
[Annotator "ChessBase"]
[PlyCount "126"]
[EventDate "2018.10.05"]
[EventType "swiss"]
[EventCountry "IND"]
[SourceTitle "playchess.com"]
[Source "ChessBase"]
[SourceQuality "1"]
[TimeControl "5400+30"]

1. d4 g6 2. e4 Bg7 3. h4 h6 4. Nc3 d6 5. Be3 a6 6. a4 Nf6 7. f3 b6 8. Nh3 Nh5 9. Ne2 Nd7 10. c3 Bb7 11. g4 Nhf6 12. Ng3 c5 13. g5 hxg5 14. Nxg5 e6 15. Kf2 Qe7 16. Bd3 Nh5 17. Nxh5 Rxh5 18. Qb3 Rc8 19. Rag1 Kd8 20. dxc5 dxc5 21. Bc4 Kc7 22. Rd1 Ne5 23. Bf4 Rch8 24. Bg3 Bc6 25. Bxa6 Rxg5 26. hxg5 Rxh1 27. Rxh1 Qxg5 28. Qd1 Qe7 29. Rh7 Bf6 30. f4 Nd7 31. e5 c4 32. Qd6+ Qxd6 33. exd6+ Kxd6 34. f5+ Be5 35. fxg6 fxg6 36. Bxc4 Bxg3+ 37. Kxg3 Bxa4 38. Bd3 Ne5 39. Be4 Bc6 40. Bxc6 Kxc6 41. b3 Nd7 42. Kf3 Nc5 43. b4 Na4 44. Rh8 Kd5 45. Rc8 b5 46. Ke3 e5 47. Kd2 g5 48. Rd8+ Ke4 49. Rb8 g4 50. Rxb5 g3 51. Rb8 g2 52. Rg8 Kf3 53. c4 e4 54. Rf8+ Kg3 55. Rg8+ Kf2 56. Rf8+ Kg3 57. Rg8+ Kf2 58. Rf8+ Kg3 59. Rg8+ Kf2 60. Rxg2+ Kxg2 61. Ke3 Nb2 62. c5 Nd3 63. Kxe4 Nxb4 1/2-1/2

[Event "1st Gujarat GM Open 2018"]
[Site "Ahmedabad"]
[Date "2018.10.07"]
[Round "4"]
[White "Prasannaa.s"]
[Black "Rathanvel, V S"]
[Result "1/2-1/2"]
[ECO "A05"]
[WhiteElo "2124"]
[BlackElo "2341"]
[Annotator "NA"]
[PlyCount "113"]
[EventDate "2018.10.05"]
[EventType "swiss"]
[EventCountry "IND"]
[SourceTitle "playchess.com"]
[Source "ChessBase"]
[SourceQuality "1"]
[TimeControl "5400+30"]

1. Nf3 Nf6 2. c4 Nc6 3. d4 e6 4. Nc3 Bb4 5. Bd2 Qe7 6. d5 Nb8 7. Qc2 O-O 8. O-O-O d6 9. e4 e5 10. h3 a6 11. a3 Bc5 12. Bg5 a5 13. Ne1 c6 14. Nd3 Bd4 15. Kb1 h6 16. Bxf6 Qxf6 17. Be2 Qg6 18. Bf3 f5 19. Rhe1 Na6 20. Rd2 Bd7 21. exf5 Bxf5 22. Be4 Bxc3 23. Bxf5 Qxf5 24. bxc3 cxd5 25. cxd5 Rac8 26. Nb2 Rxc3 27. Qxf5 Rxf5 28. Re3 Rxf2 29. Rxf2 Rxe3 30. Nc4 Rd3 31. Nxd6 Nc5 32. Nf5 e4 33. d6 g6 34. Nxh6+ Kg7 35. Ng4 Rxd6 36. Ne5 Re6 37. Nc4 b5 38. Ne3 Nd3 39. Re2 Kf6 40. Nd5+ Ke5 41. Nc3 Kd4 42. Nxb5+ Kc4 43. a4 e3 44. Na3+ Kc3 45. Nb5+ Kb4 46. Nd4 Re4 47. Nc2+ Kxa4 48. Rxe3 Rxe3 49. Nxe3 Kb3 50. h4 a4 51. g4 Nf4 52. Nf1 a3 53. Nd2+ Kc3 54. Nf3 Kd3 55. Ka2 Ke3 56. Ne5 Ke4 57. Nxg6 {[%emt 0:00:04] Ke5} 1/2-1/2

[Event "1st Gujarat GM Open 2018"]
[Site "Ahmedabad"]
[Date "2018.10.07"]
[Round "4"]
[White "Anadkat Kartavya"]
[Black "Mohammad Minhaz Uddin"]
[Result "0-1"]
[ECO "C42"]
[WhiteElo "2109"]
[BlackElo "2328"]
[Annotator "NA"]
[PlyCount "62"]
[EventDate "2018.10.05"]
[EventType "swiss"]
[EventCountry "IND"]
[SourceTitle "playchess.com"]
[Source "ChessBase"]
[SourceQuality "1"]
[TimeControl "5400+30"]

1. e4 e5 2. Nf3 Nf6 3. Nxe5 d6 4. Nf3 Nxe4 5. Nc3 Nxc3 6. dxc3 Be7 7. Be3 Nc6 8. Qd2 Be6 9. O-O-O Qd7 10. Kb1 O-O-O 11. Bb5 a6 12. Ba4 b5 13. Bb3 d5 14. a4 Na5 15. axb5 axb5 16. Ba2 Kb7 17. Bf4 $17 (17. Rhe1 $11 {remains equal.}) 17... Nc4 18. Qe2 Bf6 19. Nd4 Rhe8 20. Qd3 Bxd4 21. Qxd4 Ra8 22. Qc5 Ra6 23. Bxc4 bxc4 24. Kc1 Rea8 25. Kd2 Bf5 26. Rhe1 Ra5 27. Qe7 Kc6 28. Qh4 Bxc2 29. Rc1 Qf5 30. Re3 Ba4 31. g4 Qxf4 0-1

[Event "1st Gujarat GM Open 2018"]
[Site "Ahmedabad"]
[Date "2018.10.07"]
[Round "4"]
[White "Kasparova, Tatiana"]
[Black "Wagh Suyog"]
[Result "0-1"]
[ECO "C41"]
[WhiteElo "2102"]
[BlackElo "2312"]
[Annotator "NA"]
[PlyCount "96"]
[EventDate "2018.10.05"]
[EventType "swiss"]
[EventCountry "IND"]
[SourceTitle "playchess.com"]
[Source "ChessBase"]
[SourceQuality "1"]
[TimeControl "5400+30"]

1. e4 e5 2. Nf3 d6 3. d4 exd4 4. Nxd4 Nf6 5. Nc3 Be7 6. Bd3 O-O 7. O-O Re8 8. Nd5 Nxd5 9. exd5 Bf6 10. c3 Nd7 11. Bc2 a5 12. Be3 Nc5 13. Qf3 g6 14. Rfe1 Bd7 15. Rad1 Bg5 16. Qg3 Bxe3 17. Rxe3 Rxe3 18. Qxe3 Qf6 19. h3 Re8 20. Qd2 Re5 21. Nf3 Re7 22. Re1 Rxe1+ 23. Nxe1 Bf5 24. f3 h5 25. b3 Bxc2 26. Nxc2 Qf5 27. c4 b6 28. Nd4 Qb1+ 29. Kh2 a4 30. bxa4 Qf1 31. Qc2 h4 32. Nf5 gxf5 33. Qxf5 Qe1 34. Qg5+ Kf8 35. Qd8+ Qe8 36. Qxh4 Nxa4 37. Qh6+ Ke7 38. h4 Qg8 39. h5 Nc5 40. Qe3+ Kf8 41. g4 Qg7 42. Kh3 Qf6 43. f4 Qa1 44. Kh4 f6 45. g5 f5 46. g6 Ne4 47. Qf3 Qg1 48. a4 Qh2+ 0-1

[Event "1st Gujarat GM Open 2018"]
[Site "Ahmedabad"]
[Date "2018.10.07"]
[Round "4"]
[White "Shintre Neel"]
[Black "Gomes, Mary Ann"]
[Result "1-0"]
[ECO "B22"]
[WhiteElo "2093"]
[BlackElo "2302"]
[Annotator "NA"]
[PlyCount "135"]
[EventDate "2018.10.05"]
[EventType "swiss"]
[EventCountry "IND"]
[SourceTitle "playchess.com"]
[Source "ChessBase"]
[SourceQuality "1"]
[TimeControl "5400+30"]

1. e4 c5 2. c3 g6 3. d4 cxd4 4. cxd4 d5 5. e5 Nc6 6. Nc3 Bg7 7. h3 f6 8. f4 Nh6 9. g4 fxe5 10. fxe5 O-O 11. Bg2 Be6 12. Nf3 Qb6 13. Na4 Qc7 14. Nc5 Bc8 15. O-O b6 16. Nd3 Ba6 17. Be3 Qd7 18. Qd2 Nf7 19. Rfe1 e6 20. h4 Rac8 21. Nf4 Na5 22. b3 Rc6 23. g5 Rfc8 24. Rac1 Rxc1 25. Rxc1 Rxc1+ 26. Qxc1 Nc6 27. Bh3 Nfd8 28. h5 Ne7 29. Qc2 Qc8 30. Qd2 Bb5 31. Nh2 gxh5 32. Nxh5 Nf5 33. Nf6+ Kh8 34. Bxf5 exf5 35. Nxd5 Ne6 36. Nf6 Bf8 37. d5 Nc5 38. Qc3 Qb8 39. g6 Nd3 40. a4 Bb4 41. Qc2 Ba6 42. Qg2 Qc7 43. d6 Qb7 44. Qh3 Nxe5 45. Nxh7 Nxg6 46. Bd4+ Kg8 47. Nf6+ Kf7 48. Qh7+ Ke6 49. Qxg6 Bxd6 50. Ne8+ Kd7 51. Nxd6 Qd5 52. Nxf5 Bd3 53. Qg7+ Ke6 54. Qf6+ Kd7 55. Qe7+ Kc6 56. Qe8+ Kb7 57. Qe7+ Ka6 58. b4 Qc4 59. b5+ Ka5 60. Qxa7+ Kb4 61. Bxb6 Qc1+ 62. Kg2 Bxf5 63. Be3 Be4+ 64. Kg3 Qe1+ 65. Kf4 Qh4+ 66. Ng4 Bd3 67. Qd4+ Ka5 68. Bd2# 1-0

[Event "1st Gujarat GM Open 2018"]
[Site "Ahmedabad"]
[Date "2018.10.07"]
[Round "4"]
[White "Nayak Rajesh"]
[Black "Srijit Paul"]
[Result "1/2-1/2"]
[ECO "B02"]
[WhiteElo "2084"]
[BlackElo "2292"]
[Annotator "NA"]
[PlyCount "103"]
[EventDate "2018.10.05"]
[EventType "swiss"]
[EventCountry "IND"]
[SourceTitle "playchess.com"]
[Source "ChessBase"]
[SourceQuality "1"]
[TimeControl "5400+30"]

1. e4 Nf6 2. d3 e6 3. Nf3 d5 4. Nbd2 c5 5. g3 Nc6 6. Bg2 b6 7. O-O Be7 8. Re1 Bb7 9. c3 Qc7 10. a3 dxe4 11. dxe4 e5 12. Nc4 Rd8 13. Qc2 O-O 14. Nh4 Ba6 15. Bf1 Bxc4 16. Bxc4 Na5 17. Qe2 Nxc4 18. Qxc4 Ne8 19. Nf5 Nd6 20. Nxd6 Rxd6 21. Be3 Rfd8 22. a4 Qc6 23. a5 R6d7 24. axb6 axb6 25. Qb3 h5 26. h4 b5 27. Qc2 Rd3 28. Qe2 g6 29. Ra7 Bf8 30. Qf3 Qe6 31. Rea1 Bh6 32. R1a6 Qb3 33. c4 Qxc4 34. Rxg6+ fxg6 35. Qf6 R3d7 36. Rxd7 Rxd7 37. Qxg6+ Rg7 38. Qxh6 Qxe4 39. Qxh5 Rxg3+ 40. fxg3 Qxe3+ 41. Kg2 Kg7 42. Qe8 Qe4+ 43. Kh2 Qc2+ 44. Kh3 Qf5+ 45. Kh2 e4 46. Qxb5 e3 47. Qb7+ Kf6 48. Qc6+ Ke7 49. Qc7+ Ke8 50. Qc6+ Ke7 51. Qc7+ Ke8 52. Qc6+ 1/2-1/2

[Event "1st Gujarat GM Open 2018"]
[Site "Ahmedabad"]
[Date "2018.10.07"]
[Round "4"]
[White "Saranya, J."]
[Black "Kushagra Mohan"]
[Result "1/2-1/2"]
[ECO "C54"]
[WhiteElo "2071"]
[BlackElo "2283"]
[Annotator "NA"]
[PlyCount "50"]
[EventDate "2018.10.05"]
[EventType "swiss"]
[EventCountry "IND"]
[SourceTitle "playchess.com"]
[Source "ChessBase"]
[SourceQuality "1"]
[TimeControl "5400+30"]

1. e4 e5 2. Nf3 Nc6 3. Bc4 Bc5 4. c3 Nf6 5. d3 O-O 6. O-O d6 7. Nbd2 a6 8. a4 h6 9. Re1 Kh8 10. Nf1 Be6 11. Ng3 d5 12. exd5 Bxd5 13. Bxd5 Qxd5 14. b4 Ba7 15. c4 Qd6 16. b5 axb5 17. axb5 Nb4 18. Rxa7 Rxa7 19. Nxe5 Nd7 20. Nf5 Qe6 21. Nd4 Qd6 22. Nf5 Qe6 23. Nd4 Qd6 24. Nf5 Qe6 25. Nd4 Qd6 1/2-1/2

[Event "1st Gujarat GM Open 2018"]
[Site "Ahmedabad"]
[Date "2018.10.07"]
[Round "4"]
[White "Soham Datar"]
[Black "Patil, Pratik"]
[Result "1/2-1/2"]
[ECO "A05"]
[WhiteElo "2060"]
[BlackElo "2280"]
[Annotator "NA"]
[PlyCount "109"]
[EventDate "2018.10.05"]
[EventType "swiss"]
[EventCountry "IND"]
[SourceTitle "playchess.com"]
[Source "ChessBase"]
[SourceQuality "1"]
[TimeControl "5400+30"]

1. Nf3 Nf6 2. c4 c6 3. g3 g6 4. Bg2 Bg7 5. O-O O-O 6. Nc3 d5 7. cxd5 cxd5 8. d4 Nc6 9. Ne5 Bf5 10. Bf4 Rc8 11. Nxc6 Rxc6 12. Be5 Ne4 13. Nxe4 Bxe4 14. Bxg7 Kxg7 15. Bxe4 dxe4 16. d5 Rb6 17. Qd4+ Kg8 18. Qxe4 Rxb2 19. Rfb1 Rxb1+ 20. Rxb1 Qd7 21. d6 b6 22. Qxe7 Qxe7 23. dxe7 Re8 24. e4 Rxe7 25. f3 Rc7 26. Rb2 h5 27. Kf2 Kf8 28. f4 Rc3 29. Ke2 Ke7 30. Kd2 Ra3 31. Rc2 Kd7 32. Kc1 Rf3 33. Rd2+ Ke6 34. Kc2 h4 35. Rd3 Rf2+ 36. Rd2 Rf3 37. Rd3 Rf2+ 38. Rd2 hxg3 39. hxg3 Rxd2+ 40. Kxd2 Kd6 41. Kd3 Kc5 42. g4 f6 43. f5 gxf5 44. gxf5 Kd6 45. Kd4 b5 46. e5+ fxe5+ 47. Ke4 a5 48. f6 b4 49. f7 Ke7 50. Kxe5 a4 51. Kd4 b3 52. Kc3 bxa2 53. Kb2 a3+ 54. Kxa2 Kxf7 55. Kxa3 1/2-1/2

[Event "1st Gujarat GM Open 2018"]
[Site "Ahmedabad"]
[Date "2018.10.07"]
[Round "4"]
[White "Sudhanshu Ranjan"]
[Black "Bharath Subramaniyam H"]
[Result "0-1"]
[ECO "D46"]
[WhiteElo "2060"]
[BlackElo "2276"]
[Annotator "NA"]
[PlyCount "102"]
[EventDate "2018.10.05"]
[EventType "swiss"]
[EventCountry "IND"]
[SourceTitle "playchess.com"]
[Source "ChessBase"]
[SourceQuality "1"]
[TimeControl "5400+30"]

1. d4 d5 2. c4 c6 3. Nc3 Nf6 4. Nf3 e6 5. e3 Nbd7 6. Bd3 Bd6 7. O-O O-O 8. e4 dxc4 9. Bxc4 e5 10. Bg5 b5 11. Bb3 Bb7 12. Bh4 a6 13. Bg3 Qe7 14. dxe5 Bxe5 15. Nxe5 Nxe5 16. f4 Nc4 17. Qe2 Rfe8 18. Bxc4 bxc4 19. Rae1 Qc5+ 20. Bf2 Qb4 21. Bd4 Rad8 22. a3 Qb3 23. Bxf6 gxf6 24. Rf3 Qb6+ 25. Kh1 Rd3 26. Rxd3 cxd3 27. Qxd3 c5 28. h3 f5 29. Qg3+ Kf8 30. e5 Qxb2 31. Ne2 Re6 32. Qc3 Qxc3 33. Nxc3 Rg6 34. Re2 Rg3 35. Rc2 Rxh3+ 36. Kg1 Rg3 37. Na4 Be4 38. Re2 c4 39. Nc5 Bc6 40. Nxa6 Rxa3 41. Nb4 Be4 42. Nc2 Ra2 43. Nd4 Ra1+ 44. Kf2 c3 45. g4 Bd3 46. Re3 c2 47. Nb3 Rf1+ 48. Kg2 Rd1 49. gxf5 Bc4 50. Nc1 Rxc1 51. Rc3 Bd5+ 0-1

[Event "1st Gujarat GM Open 2018"]
[Site "Ahmedabad"]
[Date "2018.10.07"]
[Round "4"]
[White "Tarun Kanyamarala"]
[Black "Deshmukh, Anup"]
[Result "0-1"]
[ECO "A57"]
[WhiteElo "2046"]
[BlackElo "2267"]
[Annotator "NA"]
[PlyCount "58"]
[EventDate "2018.10.05"]
[EventType "swiss"]
[EventCountry "IND"]
[SourceTitle "playchess.com"]
[Source "ChessBase"]
[SourceQuality "1"]
[TimeControl "5400+30"]

1. d4 Nf6 2. c4 c5 3. d5 b5 4. Qc2 d6 5. e4 b4 6. f4 g6 7. Nf3 Bg7 8. Bd3 O-O 9. O-O a5 10. Nbd2 e6 11. e5 Ng4 12. Ne4 dxe5 13. fxe5 exd5 14. cxd5 Nxe5 15. Nxe5 Bxe5 16. Be3 Nd7 17. Bg5 Qb6 18. Kh1 Bb7 19. Bc4 f5 20. Nf2 Qd6 21. Rfe1 Rae8 22. Nd3 f4 23. Bb5 f3 24. Bc4 Nb6 25. Nxe5 Rxe5 26. Be7 Rxe7 27. Rxe7 fxg2+ 28. Kg1 Nxc4 29. Rxb7 Rf1+ 0-1

[Event "1st Gujarat GM Open 2018"]
[Site "Ahmedabad"]
[Date "2018.10.07"]
[Round "4"]
[White "Tarun Kanyamarala"]
[Black "Deshmukh, Anup"]
[Result "*"]
[ECO "B75"]
[WhiteElo "2046"]
[BlackElo "2267"]
[Annotator "NA"]
[PlyCount "66"]
[EventDate "2018.10.05"]
[EventType "swiss"]
[EventCountry "IND"]
[SourceTitle "playchess.com"]
[Source "ChessBase"]
[SourceQuality "1"]
[TimeControl "5400+30"]

1. e4 c5 2. Nf3 d6 3. d4 cxd4 4. Nxd4 Nf6 5. Nc3 g6 6. Be3 Bg7 7. f3 Nc6 8. Qd2 O-O 9. g4 Be6 10. Nxe6 fxe6 11. O-O-O Rc8 12. h4 Qa5 13. Kb1 b5 14. Nxb5 Nb4 15. a3 Nfd5 16. Bd4 Rxc2 17. Qe1 Bxd4 18. Rxd4 Qa4 19. Rxb4 Nxb4 20. Qxb4 Qxb4 21. axb4 Rd2 22. Bc4 Rxf3 23. Bxe6+ Kg7 24. Nc3 Rff2 25. Nd1 Rf4 26. Nc3 Rff2 27. Nd1 Rf4 28. Kc1 Rg2 29. Nc3 Rff2 30. Nd1 Rf4 31. Nc3 Rff2 32. Nd1 Rd2 33. Nc3 Rgf2 *

[Event "1st Gujarat GM Open 2018"]
[Site "Ahmedabad"]
[Date "2018.10.07"]
[Round "4"]
[White "Thipsay, Bagyashree Sathe"]
[Black "Pranav Vijay"]
[Result "0-1"]
[ECO "C55"]
[WhiteElo "2021"]
[BlackElo "2265"]
[Annotator "NA"]
[PlyCount "144"]
[EventDate "2018.10.05"]
[EventType "swiss"]
[EventCountry "IND"]
[SourceTitle "playchess.com"]
[Source "ChessBase"]
[SourceQuality "1"]
[TimeControl "5400+30"]

1. e4 Nc6 2. Nf3 e5 3. Bc4 Nf6 4. d3 Be7 5. O-O O-O 6. Re1 d6 7. a4 Na5 8. Ba2 c5 9. c3 Nc6 10. Na3 Be6 11. Bxe6 fxe6 12. Nc2 h6 13. Bd2 Qc7 14. b4 Rf7 15. b5 Na5 16. Rb1 c4 17. d4 Raf8 18. Bc1 Nh7 19. Be3 Nf6 20. Nd2 Nb3 21. f3 Na5 22. Kh1 b6 23. Qe2 Nh5 24. Nb4 Bh4 25. Rec1 Bg5 26. d5 exd5 27. Nxd5 Qc8 28. Rb4 Bxe3 29. Qxe3 g5 30. Kg1 Nf4 31. Nxf4 gxf4 32. Qf2 Kh7 33. Kh1 Rg8 34. Qe2 Rc7 35. Rd1 Qe6 36. Rb2 Rcg7 37. Rg1 Rg5 38. Rb4 Rc8 39. Rd1 Qf7 40. Rg1 Qh5 41. Rf1 Qf7 42. Rf2 Rg6 43. Qf1 h5 44. Qe2 Qe6 45. Qf1 Rc7 46. Qe2 Kg8 47. Rb1 Kf8 48. Rg1 Ke8 49. Rff1 Kd8 50. g3 fxg3 51. Rxg3 Rxg3 52. hxg3 Nb3 53. Kg2 Rg7 54. Rh1 Qg8 55. Nf1 Nc1 56. Qd2 Nd3 57. Rh4 Rg6 58. Kh2 Rf6 59. Qe3 Qf7 60. Nd2 Kc7 61. Kg2 Rg6 62. Kh2 Qg7 63. Nf1 Rg5 64. Qd2 Qg6 65. Qe3 Qg8 66. Qd2 Qg6 67. Qe3 Nc5 68. Qe2 Qg8 69. Ne3 Rxg3 70. Rxh5 Rg7 71. Nxc4 Qf7 72. Rh3 Qf4+ 0-1

[Event "1st Gujarat GM Open 2018"]
[Site "Ahmedabad"]
[Date "2018.10.07"]
[Round "4"]
[White "Shyam Prasad Reddy K"]
[Black "Abu Sufian, Shakil"]
[Result "0-1"]
[ECO "B13"]
[WhiteElo "2014"]
[BlackElo "2247"]
[Annotator "NA"]
[PlyCount "72"]
[EventDate "2018.10.05"]
[EventType "swiss"]
[EventCountry "IND"]
[SourceTitle "playchess.com"]
[Source "ChessBase"]
[SourceQuality "1"]
[TimeControl "5400+30"]

1. e4 c6 2. d4 d5 3. exd5 cxd5 4. c4 Nf6 5. Nc3 Nc6 6. Bg5 e6 7. Nf3 Bb4 8. Be2 dxc4 9. O-O h6 10. Bxf6 Qxf6 11. d5 exd5 12. Nxd5 Qd6 13. Nxb4 Qxb4 14. Nd4 O-O 15. Nxc6 bxc6 16. Qc2 Be6 17. Rfc1 Rfd8 18. a3 Qb3 19. h3 Rab8 20. Qe4 Qxb2 21. Rab1 Qxa3 22. Ra1 Qc5 23. Bxc4 Rd4 24. Qxe6 Rd1+ 25. Rxd1 fxe6 26. Bxe6+ Kh8 27. Rac1 Qb6 28. Bg4 Rf8 29. Bf3 c5 30. Rd7 a6 31. Rcd1 c4 32. R1d6 Qb1+ 33. Kh2 Qe1 34. Rd2 Qe5+ 35. Kg1 c3 36. Re2 Qb5 0-1

[Event "1st Gujarat GM Open 2018"]
[Site "Ahmedabad"]
[Date "2018.10.07"]
[Round "4"]
[White "Mrudul Dehankar"]
[Black "Kumar, Gaurav"]
[Result "0-1"]
[ECO "A06"]
[WhiteElo "1996"]
[BlackElo "2236"]
[Annotator "NA"]
[PlyCount "114"]
[EventDate "2018.10.05"]
[EventType "swiss"]
[EventCountry "IND"]
[SourceTitle "playchess.com"]
[Source "ChessBase"]
[SourceQuality "1"]
[TimeControl "5400+30"]

1. Nf3 d5 2. b3 Nf6 3. Bb2 Bg4 4. e3 Nbd7 5. Be2 e6 6. c4 c6 7. O-O Bd6 8. d3 O-O 9. Nbd2 e5 10. Re1 Re8 11. cxd5 Nxd5 12. a3 a5 13. Qc2 Bh5 14. g3 Bg4 15. Nc4 Bc7 16. e4 N5b6 17. Ne3 Bh3 18. d4 Qf6 19. dxe5 Nxe5 20. Nd4 Qg6 21. Ndf5 f6 22. Nh4 Qf7 23. f4 Ned7 24. Nhf5 Nf8 25. Bf3 a4 26. b4 Qb3 27. Qf2 Nc4 28. Bd4 Nxa3 29. Rec1 Ne6 30. Bc3 Bxf5 31. Bd1 Bxe4 32. Bxb3 axb3 33. Qb2 Bb6 34. Rxa3 Bxe3+ 35. Kf1 Bd3+ 36. Kg2 Be4+ 37. Kf1 Bd3+ 38. Kg2 Rxa3 39. Qxa3 Bxc1 40. Qxc1 Nc7 41. Qd1 Be4+ 42. Kf2 Bd5 43. Qd3 Nb5 44. Bb2 Nd6 45. Qd4 Nc4 46. Bc3 Na3 47. Qb6 Nc4 48. Qxb7 b2 49. Qd7 Re6 50. Bxb2 Nxb2 51. g4 Nd3+ 52. Kg3 Re3+ 53. Kh4 Nxf4 54. Qd8+ Kf7 55. g5 Ng2+ 56. Kg4 Be6+ 57. Kh5 Rh3# 0-1